 Dungeon Crawl Stone Soup version 0.25-a0-189-gf71692caf1 (webtiles) character file.

Game seed: 5503056184417883975, levelgen mode: deterministic

4 kae the Insei (level 1, -1/15 HPs)
             Began as a Demonspawn Transmuter on Nov 29, 2019.
             Slain by a kobold
             ... wielding a +2 short sword of freezing
              (6 damage)
             ... on level 1 of the Dungeon.
             The game lasted 00:00:16 (236 turns).

kae the Insei (Demonspawn Transmuter)                Turns: 236, Time: 00:00:17

Health: -1/15      AC:  2    Str: 10    XL:     1   Next: 58%
Magic:  2/3        EV: 12    Int: 14    God:
Gold:   0          SH:  0    Dex: 13    Spells: 3/4 levels left

rFire    . . .     SeeInvis .     - Unarmed
rCold    . . .     Gourm    .   (no shield)
rNeg     . . .     Faith    .   b - +0 robe
rPois    .         Spirit   .   (no helmet)
rElec    .         Reflect  .   (no cloak)
rCorr    .         Harm     .   (no gloves)
MR       .....                  (no boots)
Stlth    +.........             (no amulet)
HPRegen  0.05/turn              (no ring)
MPRegen  0.08/turn              (no ring)

@: very slightly contaminated
A: no striking features
a: no special abilities


You were on level 1 of the Dungeon.
You were not hungry.

You visited 1 branch of the dungeon, and saw 1 of its levels.

Inventory:

Missiles
 a - 33 arrows
Armour
 b - a +0 robe (worn)
Scrolls
 c - a scroll of noise {unknown}
 e - a scroll of immolation {unknown}
 f - a scroll of teleportation {unknown}
 g - a scroll of identify {unknown}
Comestibles
 d - a ration


   Skills:
 - Level 1.0 Fighting
 - Level 1.7 Dodging
 + Level 2.8 Unarmed Combat
 - Level 2.0 Spellcasting
 * Level 2.1 Transmutations


You had 3 spell levels left.
You knew the following spells:

 Your Spells              Type           Power        Failure   Level  Hunger
a - Beastly Appendage     Tmut           #.....       10%         1    ##.....

Your spell library contained the following spells:

 Spells                   Type           Power        Failure   Level  Hunger
 Sticks to Snakes         Tmut           #.......     16%         2    ###....
 Spider Form              Tmut/Pois      #.........   43%         3    ####...
 Ice Form                 Ice/Tmut       #.......     83%         4    #####..
 Blade Hands              Tmut           #.........   95%         5    ######.


Dungeon Overview and Level Annotations

Branches:
Dungeon (1/15)

Altars:


Message History

You hit the leopard gecko.
The leopard gecko is severely wounded.
The leopard gecko bites you. The kobold barely misses you.
You are too injured to fight recklessly!
You are too injured to fight recklessly!
You are too injured to fight recklessly!
You are too injured to fight recklessly!
You are too injured to fight recklessly!
You are too injured to fight recklessly!
You are too injured to fight recklessly!
You barely miss the leopard gecko.
The leopard gecko is severely wounded.
The leopard gecko barely misses you.
A goblin comes into view.
The leopard gecko bites you. The kobold completely misses you.
You barely miss the leopard gecko.
The leopard gecko is severely wounded.
The leopard gecko misses you.
The kobold hits you with a +2 short sword of freezing.
You die...

#> . .. .####. ##
...#...## #.#g#..#
#......## #...lK..##
#########...@.#..#
.....)..........#
#....##....(..###
######....##.......#
...................#
..........##.((....#
>#####....##.......#
....(.......)......#
############.......#


You could see a leopard gecko, a hobgoblin and a kobold.

Vanquished Creatures
  A giant cockroach (D:1)
  A frilled lizard (D:1)
  2 kobolds (D:1)
  A rat (D:1)
5 creatures vanquished.

Notes
Turn   | Place    | Note
-------+----------+-------------------------------------------
     0 | D:1      | kae the Demonspawn Transmuter began the quest for the Orb.
     0 | D:1      | Reached XP level 1. HP: 15/15 MP: 3/3
   236 | D:1      | Slain by a kobold

Levels and vault maps discovered:
D:1:      dpeg_arrival_rhombi, layout_rooms

Skill      XL: |  1 |
---------------+----+-----
Transmutations | 2 |  2.1
Fighting       | |  1.0
Dodging        | |  1.7
Unarmed Combat | |  2.8
Spellcasting   | |  2.0

Action                   || total
-------------------------++-------
Melee: Unarmed           ||    18
       Kick              ||     3
       Headbutt          ||     1
 Cast: Beastly Appendage ||     2
 Stab: Sleeping          ||     1
Armor: Robe              ||     2
Dodge: Dodged            ||    21

Table legend:
 A = Non-vault XP
 B = Vault XP
 C = Vault XP percentage of total XP
 D = Non-vault monster count
 E = Vault monster count
 F = Vault count percentage of total count
                 A         B        C        D         E       F
            +---------+---------+-------+---------+---------+-------
      Total |       7 |       0 |   0.0 |       5 |       0 |   0.0
            +---------+---------+-------+---------+---------+-------
        D:1 |       7 |       0 |   0.0 |       5 |       0 |   0.0
            +---------+---------+-------+---------+---------+-------
